cohdb
Replays
Latest Replays
All Replays
Popular Replays
Top Player Replays
Match Explorer
How It Works
Community
CoH3 Stats
Reddit
Sign in to upload your games and track your stats! →
Sign in with Steam
Match 39360159
Unlisted
Match 39360159
Overview
Messages
Build Orders
End
Kradschützen Motorcycle Team
Selects Armored Support Battlegroup
Panzergrenadier Squad
Panzergrenadier Squad
Construct Light Support Kompanie
Panzerjäger Squad
Selects Salvage Kits
Selects Veteran Gunners
2.5-tonne Medical Truck
Forward Retreat Point
Fire Support Elements
Flakvierling Half-track
Construct Panzerarmee Kommand
Walking Stuka Rocket Launcher
Armored Reserves
Vehicle Survival Package
Tungsten Core Ammunition
Pak 38 Anti-tank Gun Team
Otter
Nuclear Viking
Skittles13
hifuj1335
BluSonicX
Macho Man Randy Savage
Monkey CPU
batu182
0
0
Comments
sign in to comment!
No comments posted yet!